[Event "Titled Tuesday Blitz June 13 Early 2023"]
[White "Sarkar, Justin"]
[Black "Grossboss19"]
[WhiteFideId "2010011"]
[WhiteElo "2151"]
[BlackElo "2412"]
[Result "0-1"]
[Round "8"]
[TimeControl "180+2"]
[Date "2023.06.13"]
[WhiteClock "0:00:01"]
[BlackClock "0:00:59"]
[Board "141"]

1. e4 c5 2. Nf3 Nc6 3. d4 cxd4 4. Nxd4 Nf6 5. Nc3 d6 6. Be3 Bd7 7. f3 g6 8. Qd2 Bg7 9. O-O-O Rc8 10. g4 Ne5 11. Bh6 O-O 12. h4 a6 13. h5 b5 14. hxg6 fxg6 15. Bxg7 Kxg7 16. Qh6+ Kg8 17. Nd5 Rf7 18. g5 Nxd5 19. exd5 Qc7 20. Bd3 Qc5 21. Kb1 Nxd3 22. Rxd3 Bf5 23. Nxf5 Qxc2+ 24. Ka1 Qc1+ 25. Rxc1 Rxc1# 0-1


[Site "https://www.chess.com"]

[Event "Titled Tuesday Blitz June 13 Early 2023"]
[White "Topalov, Aleksandar"]
[Black "EdmundPlayer"]
[WhiteFideId "925659"]
[WhiteElo "2151"]
[BlackElo "2260"]
[Result "1-0"]
[Round "8"]
[TimeControl "180+2"]
[Date "2023.06.13"]
[WhiteClock "0:00:51"]
[BlackClock "0:01:46"]
[Board "142"]

1. b3 e5 2. Bb2 Nc6 3. c4 g6 4. Nc3 Bg7 5. g3 Nge7 6. Bg2 O-O 7. a3 d6 8. e3 Be6 9. Nd5 Bxd5 10. cxd5 Nb8 11. Ne2 Nd7 12. O-O f5 13. d3 Nf6 14. Qc2 Rc8 15. b4 c6 16. dxc6 Nxc6 17. Qb3+ d5 18. Rac1 Qd6 19. Rc2 Ne7 20. Rfc1 Rxc2 21. Rxc2 Rd8 22. Qc3 Rc8 23. Qb3 Rxc2 24. Qxc2 Nd7 25. Qb3 b5 26. Nc3 e4 27. Nxb5 Qb6 28. Nd4 Ne5 29. dxe4 fxe4 30. Bxe4 Qd6 31. Ne2 Nc4 32. Bxg7 Kxg7 33. Bg2 Kg8 34. Nf4 Kg7 35. Nxd5 Nd2 36. Qb2+ Qe5 37. Qxd2 Nf5 38. Qc3 1-0


[Site "https://www.chess.com"]

[Event "Titled Tuesday Blitz June 13 Early 2023"]
[White "Tuleyeva-Aketayeva, Dana"]
[Black "Gracia Alvarez, Gerardo Antonio"]
[WhiteFideId "13701932"]
[BlackFideId "5109124"]
[WhiteElo "2030"]
[BlackElo "2160"]
[Result "0-1"]
[Round "8"]
[TimeControl "180+2"]
[Date "2023.06.13"]
[WhiteClock "0:00:00"]
[BlackClock "0:00:19"]
[Board "143"]

1. d4 Nf6 2. Nf3 g6 3. g3 Bg7 4. Bg2 O-O 5. O-O d6 6. Nc3 c5 7. dxc5 dxc5 8. Qxd8 Rxd8 9. Be3 Na6 10. Ne5 Rb8 11. Rad1 Rxd1 12. Rxd1 Bf5 13. Bxb7 Nc7 14. Nd5 Nfxd5 15. Bxd5 Bxe5 16. Bb3 c4 17. Bxc4 Rxb2 18. Bh6 Bd6 19. Kg2 Bxc2 20. Rc1 Be4+ 21. f3 Bb7 22. Kf1 Rb6 23. Be3 Rc6 24. Rb1 Ba6 25. Bb3 Kg7 26. Bxa7 Bc4 27. Bd4+ f6 28. Ba4 Ra6 29. Bb3 Bxb3 30. axb3 Ra2 31. b4 Nb5 32. Be3 Ra4 33. Bd2 Ra2 34. Ke1 Kf7 35. Rc1 Rb2 36. Rc4 Na3 37. Rc8 Bxb4 38. Bxb4 Rxb4 39. e4 Rb2 40. h4 h5 41. g4 hxg4 42. fxg4 Rb4 43. e5 Re4+ 44. Kd2 Rxg4 45. exf6 exf6 46. Rc7+ Ke6 47. Rc6+ Kf5 48. Ra6 Nc4+ 49. Kd3 Ne5+ 50. Ke2 Rxh4 51. Ra5 Rh2+ 52. Kf1 Rb2 53. Ke1 g5 54. Ra3 g4 55. Rb3 Rxb3 0-1


[Site "https://www.chess.com"]

[Event "Titled Tuesday Blitz June 13 Early 2023"]
[White "Ciuffoletti, Paolo"]
[Black "Jimenez Garcia, Emmanuel"]
[WhiteFideId "807630"]
[BlackFideId "6504779"]
[WhiteElo "2143"]
[BlackElo "2440"]
[Result "1-0"]
[Round "8"]
[TimeControl "180+2"]
[Date "2023.06.13"]
[WhiteClock "0:00:14"]
[BlackClock "0:00:05"]
[Board "144"]

1. e4 c5 2. d4 cxd4 3. c3 Qa5 4. Nf3 Nc6 5. Bc4 Nf6 6. O-O e6 7. cxd4 Nxe4 8. d5 Nd6 9. Bb3 Nd8 10. Bf4 Nf5 11. Nc3 h5 12. Ne5 Bb4 13. dxe6 Nxe6 14. Nd5 Nxf4 15. Nxf7 O-O 16. Nxf4 Rxf7 17. Qxh5 d5 18. Bxd5 Qc7 19. Ng6 Nh6 20. Rac1 Qd7 21. Rfd1 Qf5 22. Bxf7+ Qxf7 23. Rd8+ Bf8 24. Rxf8+ Qxf8 25. Nxf8 Kxf8 26. Rc7 Be6 27. Qf3+ Bf7 28. g4 Re8 29. g5 Re1+ 30. Kg2 Re7 31. Rxe7 Kxe7 32. gxh6 Be6 33. h7 g5 34. h8=Q g4 35. Qhf8+ Kd7 36. Qxb7# 1-0


[Site "https://www.chess.com"]

[Event "Titled Tuesday Blitz June 13 Early 2023"]
[White "Novikova, Margarita"]
[Black "Tinmaz, Kerem"]
[WhiteFideId "14109689"]
[BlackFideId "44559151"]
[WhiteElo "2013"]
[BlackElo "2153"]
[Result "1-0"]
[Round "8"]
[TimeControl "180+2"]
[Date "2023.06.13"]
[WhiteClock "0:00:13"]
[BlackClock "0:00:01"]
[Board "145"]

1. e4 c5 2. Nc3 e6 3. d3 Nc6 4. g3 g6 5. Be3 d6 6. Qd2 Bg7 7. Bg2 Nge7 8. Bh6 Bxh6 9. Qxh6 Qa5 10. Qg7 Rg8 11. Qxh7 b5 12. Kf1 Nd4 13. Rc1 b4 14. e5 d5 15. Nxd5 exd5 16. Bxd5 Nxd5 17. Qxg8+ Ke7 18. Qh8 Qxa2 19. Qh4+ Kd7 20. Ne2 Qxb2 21. Qg5 Ne6 22. Qd2 Bb7 23. Rg1 a5 24. f4 a4 25. Kf2 a3 26. Rb1 Nc3 27. Rxb2 axb2 28. Nxc3 bxc3 29. Qxc3 Ra1 30. Qxb2 Rxg1 31. Kxg1 1-0


[Site "https://www.chess.com"]

[Event "Titled Tuesday Blitz June 13 Early 2023"]
[White "Nikulina, Alena"]
[Black "Mayaud, Raphael"]
[WhiteFideId "4172051"]
[BlackFideId "627151"]
[WhiteElo "1608"]
[BlackElo "2191"]
[Result "0-1"]
[Round "8"]
[TimeControl "180+2"]
[Date "2023.06.13"]
[WhiteClock "0:00:00"]
[BlackClock "0:00:04"]
[Board "146"]

1. e4 d5 2. exd5 Qxd5 3. Nc3 Qa5 4. d4 c6 5. Nf3 Nf6 6. Bd2 Bf5 7. a3 e6 8. Ne5 Qc7 9. Bd3 Bxd3 10. Nxd3 Nbd7 11. Qf3 Bd6 12. O-O Bxh2+ 13. Kh1 Bd6 14. b4 O-O 15. Ne4 Nxe4 16. Qxe4 Nf6 17. Qh4 Rad8 18. c3 a5 19. Bg5 Be7 20. Ne5 axb4 21. axb4 Ra8 22. Ng4 Rxa1 23. Rxa1 Qd8 24. Ra7 Qb8 25. Ra5 Qd8 26. Ra7 Qb6 27. Nxf6+ Bxf6 28. Bxf6 gxf6 29. Ra5 f5 30. Qf6 Qd8 31. Qxd8 Rxd8 32. Ra7 Rd7 33. Kh2 Kf8 34. Kg3 Ke7 35. Kf4 Kf6 36. Ra2 Rd8 37. g3 h6 38. Ra1 Rd7 39. Rh1 Kg6 40. Re1 b6 41. Ra1 Rb7 42. Ra8 Kf6 43. Rc8 c5 44. dxc5 bxc5 45. Rxc5 Rd7 46. Rc4 Rd3 47. Rc6 Ke7 48. b5 Rd2 49. Kf3 Kd7 50. Ra6 Rd3+ 0-1


[Site "https://www.chess.com"]

[Event "Titled Tuesday Blitz June 13 Early 2023"]
[White "Blackwhite017"]
[Black "Rosenberg, Evan S"]
[BlackFideId "2019299"]
[WhiteElo "2141"]
[BlackElo "2355"]
[Result "1/2-1/2"]
[Round "8"]
[TimeControl "180+2"]
[Date "2023.06.13"]
[WhiteClock "0:01:01"]
[BlackClock "0:00:52"]
[Board "147"]

1. e4 c5 2. Nf3 g6 3. d4 cxd4 4. Nxd4 Nf6 5. Nc3 Nc6 6. Be3 Bg7 7. Bc4 Qa5 8. O-O O-O 9. Bb3 d6 10. h3 Bd7 11. Qd2 Rfe8 12. Rad1 Rac8 13. Rfe1 a6 14. f4 Nxd4 15. Bxd4 b5 16. Bxf6 Bxf6 17. Nd5 Qxd2 18. Nxf6+ exf6 19. Rxd2 Rc6 20. Kf2 a5 21. c3 a4 22. Bc2 a3 23. bxa3 Rxc3 24. Bb3 Be6 25. Re3 Rxe3 26. Kxe3 f5 27. Rxd6 Bxb3 28. axb3 Rxe4+ 29. Kf3 Re1 30. Rd5 Ra1 31. Rxb5 Rxa3 32. Rb7 Kg7 33. g4 fxg4+ 34. hxg4 h6 35. Ke4 Ra1 36. b4 Rg1 37. Kf3 Rf1+ 38. Kg3 Rg1+ 39. Kf3 Rf1+ 40. Kg3 Rg1+ 41. Kf3 1/2-1/2


[Site "https://www.chess.com"]

[Event "Titled Tuesday Blitz June 13 Early 2023"]
[White "Rian, Kapriaga"]
[Black "Sanchez, Robert"]
[WhiteFideId "7103263"]
[BlackFideId "2034360"]
[WhiteElo "2347"]
[BlackElo "1924"]
[Result "1-0"]
[Round "8"]
[TimeControl "180+2"]
[Date "2023.06.13"]
[WhiteClock "0:00:02"]
[BlackClock "0:00:00"]
[Board "148"]

1. d4 Nf6 2. Nf3 g6 3. e3 Bg7 4. b3 O-O 5. Bb2 d6 6. Nbd2 Nbd7 7. Be2 Re8 8. O-O e5 9. dxe5 dxe5 10. c4 Qe7 11. Qc2 h6 12. Rfd1 Nc5 13. e4 Nh5 14. g3 f5 15. b4 Na6 16. a3 f4 17. c5 c6 18. Nc4 Bg4 19. Nfxe5 Bxe2 20. Qxe2 fxg3 21. hxg3 Qg5 22. Nf3 Qg4 23. Bxg7 Kxg7 24. Qb2+ Kg8 25. Nfe5 Qxe4 26. Rd7 Rad8 27. Rad1 Rxd7 28. Rxd7 Nf6 29. Rxb7 Qe1+ 30. Kh2 h5 31. Nxg6 Ng4+ 32. Kg2 Qe4+ 33. f3 Qxg6 34. Nd6 Ne3+ 35. Kh3 Qe6+ 36. Kh2 Nf1+ 37. Kg1 Qg6 38. Kxf1 Rf8 39. Qb3+ Kh8 40. Qc3+ 1-0


[Site "https://www.chess.com"]

[Event "Titled Tuesday Blitz June 13 Early 2023"]
[White "Semenova, Alina"]
[Black "Dixit, Nikhil"]
[WhiteFideId "24113875"]
[BlackFideId "5059534"]
[WhiteElo "1833"]
[BlackElo "2207"]
[Result "1/2-1/2"]
[Round "8"]
[TimeControl "180+2"]
[Date "2023.06.13"]
[WhiteClock "0:01:12"]
[BlackClock "0:01:18"]
[Board "149"]

1. e4 c5 2. Nf3 Nc6 3. d4 cxd4 4. Nxd4 Nf6 5. Nc3 e5 6. Ndb5 d6 7. Bg5 a6 8. Na3 b5 9. Nd5 Be7 10. Bxf6 Bxf6 11. c3 Ne7 12. Nxf6+ gxf6 13. Nc2 Bb7 14. Bd3 d5 15. exd5 Qxd5 16. f3 Rg8 17. Ne3 Qc5 18. Qe2 b4 19. c4 Rd8 20. O-O h5 21. Be4 Bc6 22. Kh1 h4 23. Bxc6+ Qxc6 24. Rad1 Rxd1 25. Rxd1 f5 26. Nd5 Nxd5 27. cxd5 Qd6 28. Qc4 Ke7 29. Qxh4+ Kd7 30. Qh7 Qg6 31. Qxg6 fxg6 32. Kg1 Rc8 33. Rd2 Kd6 34. Kf2 a5 35. h4 a4 36. g4 f4 37. Ke2 b3 38. axb3 axb3 39. Kd3 Kxd5 40. h5 gxh5 41. gxh5 e4+ 42. fxe4+ Ke5 43. h6 Rd8+ 44. Ke2 Rh8 45. Kf3 Rxh6 46. Rd5+ Ke6 47. Kxf4 Rh2 48. Rb5 Rxb2 49. Rb6+ Kd7 50. Ke5 Kc7 51. Rb4 Kc6 52. Ke6 Kc5 53. Rb8 Re2 54. Rxb3 Rxe4+ 55. Kf5 Rb4 56. Rxb4 Kxb4 1/2-1/2


[Site "https://www.chess.com"]

[Event "Titled Tuesday Blitz June 13 Early 2023"]
[White "Peycheva, Gergana"]
[Black "Zaksaite, Salomeja"]
[WhiteFideId "2916711"]
[BlackFideId "12801496"]
[WhiteElo "2216"]
[BlackElo "2059"]
[Result "1-0"]
[Round "8"]
[TimeControl "180+2"]
[Date "2023.06.13"]
[WhiteClock "0:00:13"]
[BlackClock "0:00:04"]
[Board "150"]

1. d4 Nf6 2. c4 g6 3. Nc3 Bg7 4. e4 d6 5. Nf3 O-O 6. Be2 e5 7. O-O exd4 8. Nxd4 Nc6 9. Nxc6 bxc6 10. Be3 Re8 11. f3 Bd7 12. Qd2 a6 13. Rfd1 Qc8 14. Rac1 Rb8 15. b3 Qb7 16. Bf1 Qb4 17. Bd4 Qb7 18. Ne2 Nh5 19. Bxg7 Nxg7 20. c5 d5 21. exd5 cxd5 22. Qxd5 Bc6 23. Qg5 Nf5 24. Nd4 Ne3 25. Re1 Nxf1 26. Kxf1 Qb4 27. Qf6 Rxe1+ 28. Rxe1 Bb5+ 29. Kg1 Qxc5 30. Kh1 Re8 31. Rxe8+ Bxe8 32. h3 Qd6 33. Qxd6 cxd6 34. Kg1 Kf8 35. Kf2 Ke7 36. Ke3 d5 37. Kf4 Kd6 38. b4 f6 39. h4 h6 40. g4 Bd7 41. g5 fxg5+ 42. hxg5 h5 43. Ne2 h4 44. Ng1 h3 45. Kg3 Ke5 46. Nxh3 Bxh3 47. Kxh3 d4 48. Kg3 Kd5 49. Kf2 Kc4 50. Ke2 Kxb4 51. Kd3 Kc5 52. f4 Kd5 53. a3 a5 54. a4 Kc5 55. f5 Kd6 56. fxg6 Ke7 57. g7 Kf7 58. Kxd4 Kxg7 59. Kc5 Kg6 60. Kb5 Kxg5 61. Kxa5 Kf6 62. Kb6 Ke7 63. a5 Kd8 64. a6 Kc8 65. a7 1-0


[Site "https://www.chess.com"]

[Event "Titled Tuesday Blitz June 13 Early 2023"]
[White "Tokman, Ariel"]
[Black "Samaganova, Aleksandra"]
[WhiteFideId "117420"]
[BlackFideId "13800221"]
[WhiteElo "2263"]
[BlackElo "1858"]
[Result "0-1"]
[Round "8"]
[TimeControl "180+2"]
[Date "2023.06.13"]
[WhiteClock "0:00:03"]
[BlackClock "0:00:06"]
[Board "151"]

1. b3 c5 2. Bb2 Nf6 3. e3 e6 4. Nf3 Nc6 5. c4 d5 6. cxd5 exd5 7. Bb5 Be7 8. O-O Bg4 9. d4 cxd4 10. Qxd4 Bxf3 11. gxf3 O-O 12. Bxc6 bxc6 13. Nc3 Qd7 14. Ne2 Qf5 15. Kg2 Rab8 16. Ng3 Qd7 17. Rac1 Rb4 18. Qe5 Rh4 19. Qf5 Qb7 20. Qg5 Ne8 21. Qf5 Bf6 22. Bxf6 Nxf6 23. Qg5 Rh6 24. Kh1 Rg6 25. Qf5 Re8 26. Rg1 h6 27. Qf4 Nh7 28. Nf5 Ree6 29. Rxg6 Rxg6 30. Qe5 Ng5 31. Ne7+ Kh7 32. Nxg6 fxg6 33. Qg3 Qf7 34. Kg2 Qf6 35. h4 Nf7 36. b4 Ne5 37. f4 Nc4 38. Rc2 Qf5 39. Rc1 Qe4+ 40. Qf3 Qf5 41. Rg1 Nd2 42. Qg3 Qe4+ 43. Kh3 Nf3 44. Rg2 h5 45. Rg1 Nd2 46. Rg2 Nf3 47. Rh2 Qf5+ 48. Kg2 Ne1+ 49. Kf1 Qb1 50. Ke2 Nc2 51. Kf3 Nxb4 52. Qg1 Qe4+ 53. Ke2 Qd3+ 54. Ke1 Nc2# 0-1


[Site "https://www.chess.com"]

[Event "Titled Tuesday Blitz June 13 Early 2023"]
[White "Santos Flores, Alberto"]
[Black "Al Mukhaini, Shima"]
[WhiteFideId "3601234"]
[BlackFideId "22005854"]
[WhiteElo "2235"]
[BlackElo "2267"]
[Result "1-0"]
[Round "8"]
[TimeControl "180+2"]
[Date "2023.06.13"]
[WhiteClock "0:01:32"]
[BlackClock "0:00:00"]
[Board "152"]

1. e4 d5 2. exd5 Nf6 3. d4 Nxd5 4. c4 Nb6 5. Nf3 g6 6. Nc3 Bg7 7. c5 Nd5 8. Bc4 c6 9. O-O O-O 10. Re1 Nxc3 11. bxc3 Bg4 12. h3 Bxf3 13. Qxf3 e6 14. Bf4 b5 15. Bb3 a5 16. a4 b4 17. cxb4 Qxd4 18. b5 Qxc5 19. Rac1 Qb4 20. Red1 Ra7 21. Bd6 Qh4 22. Bxf8 Bxf8 23. bxc6 Na6 24. Bc4 Nc7 25. Bb5 Ra8 26. Rd7 Rc8 27. Qxf7+ Kh8 28. Rxc7 1-0


[Site "https://www.chess.com"]

[Event "Titled Tuesday Blitz June 13 Early 2023"]
[White "Bilan, Danila"]
[Black "agvania123"]
[WhiteFideId "24161918"]
[WhiteElo "2146"]
[BlackElo "2251"]
[Result "1-0"]
[Round "8"]
[TimeControl "180+2"]
[Date "2023.06.13"]
[WhiteClock "0:00:15"]
[BlackClock "0:00:31"]
[Board "153"]

1. d4 Nf6 2. Nf3 e6 3. g3 b6 4. Bg2 Bb7 5. O-O Be7 6. c4 O-O 7. d5 exd5 8. Nh4 Ne4 9. cxd5 Bxh4 10. Bxe4 Bf6 11. Nc3 Re8 12. Qd3 g6 13. d6 c6 14. Bf4 Na6 15. Bf3 Nc5 16. Qc2 Ne6 17. e3 Nxf4 18. exf4 Qb8 19. Rad1 Bxc3 20. Qxc3 c5 21. Rfe1 Rxe1+ 22. Rxe1 Bxf3 23. Qxf3 Qf8 24. Re7 Re8 25. Rxd7 Qg7 26. Qd5 Qf6 27. Rxa7 Rd8 28. Ra8 Kf8 29. Qe5 Qxe5 30. Rxd8+ Qe8 31. Rxe8+ Kxe8 32. Kg2 Kd7 33. Kf3 Kxd6 34. Ke4 f5+ 35. Kd3 Kd5 36. f3 b5 37. g4 h6 38. h3 c4+ 39. Kc3 Kc5 40. a3 Kd5 41. b3 cxb3 42. Kxb3 Kc5 43. Kc3 Kd5 44. Kb4 Kc6 45. h4 Kd5 46. Kxb5 Kd4 47. a4 fxg4 48. fxg4 Ke4 49. f5 gxf5 50. gxf5 Kxf5 51. a5 Kg4 52. a6 Kxh4 53. a7 h5 54. a8=Q Kg3 55. Qh1 h4 56. Kc4 h3 57. Kd3 h2 58. Ke2 Kh3 59. Kf3 Kh4 60. Qxh2+ Kg5 61. Qe5+ Kg6 62. Kg4 Kf7 63. Qd6 Kg8 64. Qe7 Kh8 65. Kf5 Kg8 66. Kg6 Kh8 67. Qg7# 1-0


[Site "https://www.chess.com"]

[Event "Titled Tuesday Blitz June 13 Early 2023"]
[White "Acikel, Mert"]
[Black "Mrudul Dehankar"]
[WhiteFideId "12956465"]
[BlackFideId "25096990"]
[WhiteElo "2097"]
[BlackElo "2139"]
[Result "1-0"]
[Round "8"]
[TimeControl "180+2"]
[Date "2023.06.13"]
[WhiteClock "0:00:09"]
[BlackClock "0:00:00"]
[Board "154"]

1. e4 c6 2. Nc3 d5 3. Nf3 Bg4 4. h3 Bxf3 5. Qxf3 e6 6. Be2 Nd7 7. d4 g6 8. O-O Bg7 9. Be3 Ne7 10. e5 O-O 11. Bg5 f6 12. exf6 Nxf6 13. Qe3 Qd7 14. Bd3 Nf5 15. Bxf5 exf5 16. Bxf6 Bxf6 17. Rad1 Rae8 18. Qf3 Qg7 19. Ne2 Rf7 20. c3 Rfe7 21. Nc1 Re4 22. Nd3 Be7 23. a4 Bd6 24. a5 Qc7 25. b4 Qe7 26. Ra1 Kg7 27. Nc5 Re2 28. Nd3 Qe4 29. Qxe4 fxe4 30. Nc5 b6 31. axb6 axb6 32. Nd7 b5 33. Ra6 Rc2 34. Rxc6 Bxb4 35. Nf6 Rf8 36. Nxd5 Ba5 37. Rc5 Rf5 38. Rxb5 Bxc3 39. Rb7+ Rf7 40. Rxf7+ Kxf7 41. Nxc3 Rxc3 42. Rd1 Ke6 43. Kf1 Kd5 44. Ke2 Ra3 45. Rd2 g5 46. g3 h6 47. Rd1 Ra2+ 48. Ke3 Ra3+ 49. Ke2 Ra4 50. Rb1 Ra2+ 51. Kf1 Kxd4 52. Rb6 Kd3 53. Rxh6 1-0


[Site "https://www.chess.com"]

[Event "Titled Tuesday Blitz June 13 Early 2023"]
[White "Kuznetsov, Mikhail"]
[Black "SicilianPanzer"]
[WhiteFideId "4117190"]
[WhiteElo "1981"]
[BlackElo "2243"]
[Result "0-1"]
[Round "8"]
[TimeControl "180+2"]
[Date "2023.06.13"]
[WhiteClock "0:00:00"]
[BlackClock "0:00:03"]
[Board "155"]

1. d4 Nf6 2. Nf3 a6 3. c4 e6 4. Nc3 d5 5. Bg5 dxc4 6. a4 Nc6 7. e3 Na5 8. Ne5 Bb4 9. Nxc4 Qd5 10. Bxf6 gxf6 11. e4 Qxe4+ 12. Qe2 Qxd4 13. Nxa5 Bxa5 14. Rc1 O-O 15. h4 e5 16. h5 Bf5 17. g4 Bxg4 18. Rg1 f5 19. Bh3 Kh8 20. Bxg4 Rg8 21. Kf1 fxg4 22. Rd1 Qf4 23. Nd5 Qg5 24. b4 c6 25. bxa5 cxd5 26. Rxd5 f6 27. Rd7 Qc1+ 28. Rd1 Qc6 29. h6 Rg6 30. Rg2 Rxh6 31. Kg1 Rg6 32. Rd2 Rag8 33. Qd1 g3 34. f3 Qc5+ 35. Kf1 e4 36. Rd5 Qc4+ 37. Kg1 exf3 38. Qxf3 Qc1+ 39. Rd1 Qc5+ 40. Kf1 Re8 41. Qf5 Qxf5+ 42. Kg1 Qc5+ 43. Kf1 Re5 44. Rdd2 Kg7 45. Rd3 Rf5+ 46. Ke2 Qc2+ 47. Rd2 Re5+ 48. Kf3 Qc3+ 0-1


[Site "https://www.chess.com"]

[Event "Titled Tuesday Blitz June 13 Early 2023"]
[White "Kopczynski, Michal"]
[Black "rionelG"]
[WhiteFideId "1124200"]
[WhiteElo "2212"]
[BlackElo "2227"]
[Result "1-0"]
[Round "8"]
[TimeControl "180+2"]
[Date "2023.06.13"]
[WhiteClock "0:02:16"]
[BlackClock "0:00:23"]
[Board "156"]

1. e4 c5 2. d4 cxd4 3. c3 dxc3 4. Nxc3 Nc6 5. f4 d6 6. Nf3 a6 7. Bd3 Nf6 8. O-O e6 9. Kh1 Be7 10. Qe1 O-O 11. Be3 d5 12. e5 d4 13. Rd1 dxe3 14. exf6 Bxf6 15. Bxh7+ Kxh7 16. Rxd8 Rxd8 17. Ne4 Be7 18. Nfg5+ Kg8 19. Qxe3 e5 20. f5 Bxg5 21. Qxg5 Kf8 22. f6 gxf6 23. Qxf6 Be6 24. Qxe6 Rd1 25. Qxf7# 1-0


[Site "https://www.chess.com"]

[Event "Titled Tuesday Blitz June 13 Early 2023"]
[White "Xavier_mompel"]
[Black "Mazurkiewicz, Michal"]
[BlackFideId "1124943"]
[WhiteElo "2204"]
[BlackElo "2063"]
[Result "1/2-1/2"]
[Round "8"]
[TimeControl "180+2"]
[Date "2023.06.13"]
[WhiteClock "0:00:23"]
[BlackClock "0:00:08"]
[Board "157"]

1. e4 d6 2. d4 Nf6 3. Nc3 c6 4. Be3 e5 5. dxe5 dxe5 6. Qxd8+ Kxd8 7. Bc4 Be6 8. Bxe6 fxe6 9. f3 Nbd7 10. Nge2 Bc5 11. Bxc5 Nxc5 12. O-O-O+ Ke7 13. Rd2 b5 14. a3 a5 15. Rhd1 b4 16. Nb1 Rhb8 17. h4 Rb6 18. g4 Rab8 19. b3 a4 20. bxa4 bxa3 21. Nxa3 Rb4 22. Nc3 Nxa4 23. Nxa4 Rxa4 24. Rd3 Rb7 25. Rc3 c5 26. Nc4 Ra1+ 27. Kd2 Rd7+ 28. Rd3 Rxd3+ 29. cxd3 Ra2+ 30. Ke3 Nd7 31. Rb1 Ra7 32. Nb6 Nxb6 33. Rxb6 Kd7 34. Rb8 g6 35. Rg8 Ra3 36. Rg7+ Kd6 37. Ke2 Ra2+ 38. Ke3 Ra3 39. Ke2 Ra2+ 40. Ke3 Ra3 1/2-1/2


[Site "https://www.chess.com"]

[Event "Titled Tuesday Blitz June 13 Early 2023"]
[White "le-castor-faineant"]
[Black "Gulkov, Igor A."]
[BlackFideId "4120973"]
[WhiteElo "2199"]
[BlackElo "2343"]
[Result "0-1"]
[Round "8"]
[TimeControl "180+2"]
[Date "2023.06.13"]
[WhiteClock "0:00:00"]
[BlackClock "0:00:05"]
[Board "158"]

1. e4 c5 2. Nf3 d6 3. c3 Nf6 4. Bd3 Nc6 5. O-O Bg4 6. Bc2 e6 7. h3 Bh5 8. d3 d5 9. exd5 Qxd5 10. c4 Qd7 11. Nc3 Be7 12. Bf4 O-O 13. g4 Bg6 14. Ne4 Rad8 15. Qe2 b6 16. Rad1 Nd4 17. Nxd4 Qxd4 18. b3 Nxe4 19. dxe4 Qb2 20. a4 Bf6 21. Rxd8 Rxd8 22. Rd1 Rxd1+ 23. Qxd1 Bd4 24. Qd3 e5 25. Bd2 h5 26. Kg2 hxg4 27. hxg4 a5 28. f3 f6 29. Be1 Qc1 30. Bf2 Bf7 31. Qd1 Qf4 32. Qd3 Be6 33. Bg3 Qc1 34. Bf2 Kf7 35. Qd1 Qf4 36. Bg3 Qe3 37. Qe1 Qg5 38. Bh4 Qh6 39. Bg3 Ke7 40. Qd1 g6 41. Qd3 Qc1 42. Qd1 Qb2 43. Bf2 Bxf2 44. Kxf2 Qd4+ 45. Kg2 Qc3 46. Qd3 Qe1 47. Qd1 Qe3 48. Qd3 Qf4 49. Qd1 Qe3 50. Qd3 Qe1 51. Qd1 Qc3 52. Qd3 Qb2 53. Kg3 Bd7 54. Qd1 Bc6 55. Qd3 Qc1 56. Qd1 Qf4+ 57. Kg2 f5 58. gxf5 gxf5 59. exf5 Qg4+ 60. Kf2 Qh4+ 61. Kg2 Qg4+ 62. Kf2 Qd4+ 63. Qxd4 cxd4 64. Be4 Bd7 65. Ke2 Kf6 66. Kd3 Bxf5 0-1


[Site "https://www.chess.com"]

[Event "Titled Tuesday Blitz June 13 Early 2023"]
[White "Koridze, Lile"]
[Black "campochess"]
[WhiteFideId "13612514"]
[WhiteElo "2047"]
[BlackElo "2189"]
[Result "0-1"]
[Round "8"]
[TimeControl "180+2"]
[Date "2023.06.13"]
[WhiteClock "0:00:08"]
[BlackClock "0:01:06"]
[Board "159"]

1. d4 c5 2. d5 Nf6 3. c4 b5 4. cxb5 a6 5. bxa6 g6 6. Nc3 Bxa6 7. e4 Bxf1 8. Kxf1 d6 9. g3 Bg7 10. Kg2 Nbd7 11. Nf3 Ng4 12. Qe2 O-O 13. h3 Nge5 14. Nd2 Nb6 15. a4 Ra5 16. Nb3 Qa8 17. Nxa5 Qxa5 18. Qb5 Qa7 19. a5 Na8 20. a6 Rb8 21. Qe2 c4 22. Be3 Qc7 23. a7 Rb7 24. Na4 Nd3 25. Nb6 Rxb6 26. Bxb6 Qxb6 27. Rhb1 Bd4 28. Ra4 Qb3 29. Ra3 Qb6 30. Qc2 Nxf2 31. Qxc4 Kg7 32. Qc8 Nxe4 33. Qxa8 Qb4 34. Rd3 Qc4 35. Qg8+ Kxg8 36. a8=Q+ Kg7 37. Rbd1 Qc2+ 38. R1d2 Nxd2 39. Rxd4 Nb3+ 0-1


[Site "https://www.chess.com"]

[Event "Titled Tuesday Blitz June 13 Early 2023"]
[White "Osuna Vega, Enrique"]
[Black "Tarasova, Viktoriya"]
[WhiteFideId "2219549"]
[BlackFideId "4175840"]
[WhiteElo "2178"]
[BlackElo "2182"]
[Result "0-1"]
[Round "8"]
[TimeControl "180+2"]
[Date "2023.06.13"]
[WhiteClock "0:00:00"]
[BlackClock "0:00:19"]
[Board "160"]

1. e4 e5 2. Nf3 Nc6 3. Bb5 Nf6 4. d3 Bc5 5. c3 O-O 6. O-O Re8 7. Bg5 a6 8. Ba4 h6 9. Bh4 b5 10. Bc2 Be7 11. h3 d6 12. Nbd2 Nh7 13. Bg3 Be6 14. d4 exd4 15. cxd4 d5 16. e5 Qd7 17. Rc1 Nf8 18. Bb1 Rac8 19. Re1 Na5 20. Nf1 Ng6 21. Bxg6 fxg6 22. Ne3 Nc4 23. b3 Nxe3 24. Rxe3 g5 25. Nh2 c5 26. dxc5 Bxc5 27. Rec3 Ba3 28. Rxc8 Rxc8 29. Rxc8+ Qxc8 30. Nf3 Bc5 31. Nd4 Bf7 32. Qd3 Qd7 33. h4 gxh4 34. Bxh4 Qa7 35. Nf5 Bg6 36. Qf3 Kh7 0-1


[Site "https://www.chess.com"]

[Event "Titled Tuesday Blitz June 13 Early 2023"]
[White "Vianello, Enrico"]
[Black "Corredor Castellanos, Camilo"]
[WhiteFideId "810738"]
[BlackFideId "4425871"]
[WhiteElo "2159"]
[BlackElo "1994"]
[Result "0-1"]
[Round "8"]
[TimeControl "180+2"]
[Date "2023.06.13"]
[WhiteClock "0:00:20"]
[BlackClock "0:01:24"]
[Board "161"]

1. Nf3 Nf6 2. e3 c6 3. c4 g6 4. b3 Bg7 5. Bb2 O-O 6. Be2 d5 7. O-O b6 8. d3 Bb7 9. Nbd2 Na6 10. Rc1 c5 11. cxd5 Bxd5 12. d4 Nb4 13. a3 Nc6 14. dxc5 Rb8 15. cxb6 Qxb6 16. b4 Rfd8 17. Qa4 a5 18. Bd4 Nxd4 19. Nxd4 axb4 20. axb4 Qxb4 21. Qxb4 Rxb4 22. Bf3 e5 23. Nc6 Bxc6 24. Rxc6 Rxd2 25. Rc8+ Bf8 26. Ra1 Kg7 27. h4 h5 28. Raa8 Bd6 29. g3 e4 30. Bg2 Rb1+ 31. Kh2 Rxf2 32. Rc6 Rbb2 33. Rxd6 Rxg2+ 34. Kh1 Ng4 35. Rxg6+ Kxg6 36. Rg8+ Kf5 37. Rg5+ Ke6 38. Re5+ Kd6 39. Rd5+ Kc6 40. Rc5+ Kb6 41. Rc6+ Ka5 42. Ra6+ Kb4 43. Ra4+ Kc3 44. Rc4+ Kd3 45. Rc3+ Kd2 46. Rd3+ Ke1 47. Rd1+ Ke2 48. Re1+ Kf3 49. Rf1+ Nf2+ 50. Rxf2+ Rbxf2 51. g4 Rf1# 0-1


[Site "https://www.chess.com"]

[Event "Titled Tuesday Blitz June 13 Early 2023"]
[White "Yonal, Timur"]
[Black "Philippe, Guillaume"]
[WhiteFideId "44115725"]
[BlackFideId "36048763"]
[WhiteElo "1966"]
[BlackElo "2387"]
[Result "1-0"]
[Round "8"]
[TimeControl "180+2"]
[Date "2023.06.13"]
[WhiteClock "0:01:27"]
[BlackClock "0:00:28"]
[Board "162"]

1. e4 c5 2. Nf3 Nc6 3. Bb5 e6 4. O-O Nge7 5. c3 a6 6. Ba4 b5 7. Bc2 Bb7 8. d4 cxd4 9. cxd4 d5 10. e5 Rc8 11. a3 Qb6 12. Nc3 Na5 13. h4 Nc4 14. h5 a5 15. Nxb5 Ba6 16. a4 Nc6 17. b3 Nb4 18. bxc4 dxc4 19. Ba3 Nxc2 20. Qxc2 Bxa3 21. Nxa3 O-O 22. Rab1 Qc6 23. h6 g6 24. Nd2 c3 25. Ne4 Bxf1 26. Rxf1 Rb8 27. Rc1 Rfc8 28. Nd6 Rb2 29. Qd3 Qxa4 30. Nxc8 Qxa3 31. Qxc3 Rb3 32. Ne7+ Kf8 33. Qc8+ Kxe7 34. Rc7# 1-0


[Site "https://www.chess.com"]